 Dungeon Crawl Stone Soup version 0.30-a0-390-g80c34de65d (webtiles) character file.

Game seed: 3709673907459376814

1400 cheesebisquit the Cleaver (level 8, 0/59 (66) HPs)
             Began as a Minotaur Berserker on Dec 5, 2022.
             Was a Priest of Trog.
             Slain by a two-headed ogre
             ... wielding a +0 dire flail
              (7 damage)
             ... on level 6 of the Dungeon.
             The game lasted 00:27:32 (5483 turns).

cheesebisquit the Cleaver (Minotaur Berserker)      Turns: 5483, Time: 00:27:33

HP:   0/59 (66)     AC: 15    Str: 29    XL:     8   Next: 41%
MP:   7/7           EV:  9    Int:  4    God:    Trog [***...]
Gold: 271           SH:  0    Dex: 11    Spells: 7/7 levels left

rFire   . . .      SeeInvis .    F - +1 battleaxe
rCold   . . .      Faith    .    (shield currently unavailable)
rNeg    . . .      Spirit   .    m - +0 chain mail
rPois   .          Reflect  .    (helmet restricted)
rElec   .          Harm     .    E - +0 cloak
rCorr   .          Rampage  .    (no gloves)
Will    .....                    N - +0 pair of boots
Stlth   ..........               c - amulet of the acrobat
HPRegen 0.29/turn                R - +6 ring of strength
MPRegen 0.10/turn                H - +4 ring of protection

@: on berserk cooldown, slowed, heavily drained, very slow
A: horns 2, retaliatory headbutt
a: Renounce Religion, Berserk, Trog's Hand


You were on level 6 of the Dungeon.
You worshipped Trog.
Trog was most pleased with you.
You visited 1 branch of the dungeon, and saw 7 of its levels.

You collected 349 gold pieces.
You spent 78 gold pieces at shops.

Inventory:

Hand Weapons
 a - a +0 hand axe
 F - a +1 battleaxe (weapon)
 J - a +0 vorpal hand axe
Missiles
 e - 95 stones (quivered)
 U - a curare-tipped dart
 V - 3 poisoned darts
Armour
 b - a +0 animal skin
 d - a +0 robe
 m - a +0 chain mail (worn)
 w - a +0 ring mail
 B - a +0 scale mail
 E - a +0 cloak (worn)
 N - a +0 pair of boots (worn)
Jewellery
 c - an amulet of the acrobat (around neck)
 f - a ring of fire
 n - a ring of protection from fire
 r - a ring of protection from cold
 y - a ring of protection from fire
 H - a +4 ring of protection (right hand)
 I - an amulet of reflection
 R - a +6 ring of strength (left hand)
Wands
 p - a wand of charming (7)
 O - a wand of quicksilver (8)
Scrolls
 g - 2 scrolls of summoning
 h - a scroll of fear
 i - a scroll of enchant armour {unknown}
 l - a scroll of acquirement {unknown}
 v - a scroll of blinking {unknown}
 z - a scroll of amnesia {unknown}
 A - a scroll of noise
 C - 3 scrolls of butterflies
 D - a scroll of immolation {unknown}
 G - 5 scrolls of enchant weapon
 K - a scroll of brand weapon {unknown}
 L - a scroll of teleportation {unknown}
 S - a scroll of silence {unknown}
Potions
 j - a potion of resistance
 k - 3 potions of curing
 o - a potion of haste
 s - 3 potions of invisibility
 t - a potion of attraction
 u - 2 potions of lignification
 x - 2 potions of mutation
 P - 2 potions of degeneration
 Q - 2 potions of might {unknown}
 T - a potion of magic {unknown}


   Skills:
 - Level 3.8 Fighting
 + Level 12.6 Axes
 - Level 2.7 Armour
 - Level 2.4 Dodging


You had 7 spell levels left.
You didn't know any spells.
Your spell library was empty.

Dungeon Overview and Level Annotations

Branches:
Dungeon (7/15)
 Temple: D:4-7

Altars:
Fedhas
Hepliaklqana
Makhleb
Nemelex Xobeh
Okawaru
Uskayaw
Vehumet
Lugonu

Shops:
D:1 [   D:2 [   D:5 ?

Portals:
Abyss: D:4

Annotations:
D:4 exclusion: statue


Innate Abilities, Weirdness & Mutations

You have a pair of horns on your head.
You reflexively headbutt those who attack you in melee.


Message History

The wight hits you from afar with a +0 spear.
You feel drained.
The water moccasin bites you but does no damage.
You climb upwards.
You feel your anger nearly subside.
You are no longer berserk.
You are exhausted.
You feel yourself slow down.
You feel sick.
There is a stone staircase leading down here.
You feel much better.
You feel very sick.
The two-headed ogre hits you with a +0 dire flail.
The two-headed ogre barely misses you.
The water moccasin completely misses you.
You furiously retaliate!
You headbutt the water moccasin. The wight barely misses you.
The water moccasin bites you.
You are more poisoned.
The water moccasin poisons you!
You slice the two-headed ogre!!
You headbutt the two-headed ogre, but do no damage.
The two-headed ogre is almost dead.
You hit the water moccasin. You hit the wight.
You feel extremely sick.
The two-headed ogre hits you with a +0 dire flail.
The two-headed ogre hits you with a +0 giant spiked club!!
* * * LOW HITPOINT WARNING * * *
The water moccasin bites you but does no damage.
The wight closely misses you. You furiously retaliate!
You headbutt the wight!
The water moccasin bites you but does no damage.
The wight barely misses you.
The two-headed ogre hits you with a +0 dire flail!
* * * LOW HITPOINT WARNING * * *
The two-headed ogre barely misses you.
You feel better.
The water moccasin bites you but does no damage.
The wight barely misses you.
The water moccasin bites you but does no damage.
The two-headed ogre hits you with a +0 dire flail.
* * * LOW HITPOINT WARNING * * *
The two-headed ogre hits you with a +0 giant spiked club!
You die...

#.......###.........####.
#......................#.
#.........####.#######.#.
###.......####.# #..#.#.
#.......##...####..#.#.
#....#.................
#....#..##.............
#....#Oz#########'#....
######@##..............
#S##..............
##########.##.............#
#............###....###...#
#..........#...#....#....##
#..........###......#....##
#################..##....##
#.................##....##
#.......................##


You could see a two-headed ogre, a water moccasin and a wight.

Vanquished Creatures
  A sky beast (D:7)
  2 ogres
  2 phantoms
  A centaur (D:6)
  A kobold brigand (D:6)
  3 bullfrogs
  3 scorpions
  A wight (D:7)
  A jelly (D:5)
  3 hounds (D:4)
  An orc priest (D:3)
  2 iguanas (D:5)
  8 gnolls (D:5)
  2 adders
  A white imp (D:5)
  3 worms
  10 orcs
  7 endoplasms
  2 giant cockroaches
  6 goblins
  6 hobgoblins
  5 jackals
  6 quokkas
  4 ball pythons
  6 bats
  2 frilled lizards
  18 kobolds
  7 rats
114 creatures vanquished.

Notes
Turn   | Place    | Note
-------+----------+-------------------------------------------
     0 | D:1      | cheesebisquit the Minotaur Berserker began the quest for
                  | the Orb.
     0 | D:1      | Reached XP level 1. HP: 19/19 MP: 0/0
   208 | D:1      | Found Quuvumol's Antique Armour Shop.
   405 | D:1      | Reached XP level 2. HP: 24/27 MP: 1/1
   467 | D:1      | Reached skill level 4 in Axes
  1112 | D:2      | Found Midwena's Antique Armour Boutique.
  1193 | D:2      | Reached XP level 3. HP: 28/33 MP: 2/2
  1448 | D:2      | Reached skill level 5 in Axes
  1587 | D:3      | Found a blossoming altar of Fedhas.
  1711 | D:3      | Reached ** piety under Trog
  1735 | D:3      | Reached XP level 4. HP: 24/40 MP: 3/3
  1946 | D:3      | Reached skill level 6 in Axes
  2146 | D:3      | Found an iron altar of Okawaru.
  2531 | D:4      | Reached XP level 5. HP: 44/46 MP: 4/4
  2570 | D:4      | Found a one-way gate to the infinite horrors of the Abyss.
  2607 | D:4      | Reached skill level 7 in Axes
  2628 | D:4      | Found a radiant altar of Vehumet.
  2628 | D:4      | Noticed a charred statue
  2848 | D:4      | Reached XP level 6. HP: 51/52 MP: 5/5
  2888 | D:4      | Reached skill level 8 in Axes
  3152 | D:4      | Found a large runed translucent door.
  3156 | D:4      | Found a large runed translucent door.
  3156 | D:4      | Found a corrupted altar of Lugonu.
  3541 | D:5      | Entered Level 5 of the Dungeon
  3561 | D:5      | Found Daafuloe's Magic Scroll Boutique.
  3568 | D:5      | Bought a scroll of identify for 26 gold pieces
  3568 | D:5      | Bought a scroll of identify for 26 gold pieces
  3568 | D:5      | Bought a scroll of identify for 26 gold pieces
  3607 | D:5      | Reached skill level 9 in Axes
  3611 | D:5      | Reached *** piety under Trog
  3684 | D:5      | Reached XP level 7. HP: 42/58 MP: 6/6
  3799 | D:5      | Found a hazy altar of Hepliaklqana.
  3936 | D:5      | Found a burning altar of Makhleb.
  3936 | D:5      | Found a hide-covered altar of Uskayaw.
  3964 | D:5      | Reached skill level 10 in Axes
  4643 | D:5      | Found a sparkling altar of Nemelex Xobeh.
  4650 | D:5      | Reached skill level 11 in Axes
  4959 | D:6      | Reached XP level 8. HP: 61/66 MP: 7/7
  5308 | D:6      | Reached skill level 12 in Axes
  5473 | D:7      | Noticed a two-headed ogre
  5483 | D:6      | Slain by a two-headed ogre

Illustrated notes

Levels and vault maps discovered:
D:1:      evilmike_arrival_plus, layout_basic, serial_shops, shop
D:2:      layout_loops_ring, serial_shops, shop
D:3:      wander_river, layout_basic, okawaru_altar_gauntlet_db, fedhas_altar_1
D:4:      due_chaos_kobolds, layout_basic, vehumet_statue, serial_bayou_pond_e
D:5:      layout_loops_corners, worldfamousw_hep_ancestral_shrine,
          nemelex_dance_club_becter, nicolae_overflow_two_pavilions,
          serial_shops, nicolae_shop_advertising_works
          [nicolae_subvault_shop_adworks], minmay_misc_feat_more_columns
D:6:      layout_basic
D:7:      layout_rooms, nicolae_yredelemnul_ghost_church,
          minmay_temple_entry_mist, minmay_misc_feat_tiny, nrook_mini_backslash

Skill      XL: |  1  2  3  4  5  6  7  8 |
---------------+-------------------------+-----
Axes           | 4 5 6 7 9 11 12 | 12.6
Fighting       | |  3.8
Armour         | |  2.7
Dodging        | |  2.4

Action                   |  1- 3 |  4- 6 |  7- 9 || total
-------------------------+-------+-------+-------++-------
Melee: Hand axe          |    79 |    42 |       ||   121
       Headbutt          |    10 |    12 |    11 ||    33
       Battleaxe         |       |    47 |    69 ||   116
Invok: Berserk           |     1 |     1 |     3 ||     5
  Use: Scroll            |       |     9 |     5 ||    14
       Potion            |       |       |     2 ||     2
Armor: Animal skin       |     5 |       |       ||     5
       Chain mail        |    26 |    39 |    44 ||   109
Dodge: Dodged            |    44 |    41 |    44 ||   129

Table legend: (Time is in decaauts)
 A = Elapsed time spent in this place.
 B = Non-inter-level travel time spent in this place.
 C = Inter-level travel time spent in this place.
 D = Time resting spent in this place.
 E = Time spent auto-exploring this place.
 F = Levels seen in this place.
 G = Mean time per level.
                   A        B        C        D        E       F      G
               +--------+--------+--------+--------+--------+-----+--------+
         Total |   5560 |   5406 |    154 |    267 |   4248 |   7 |  794.3 |
       Dungeon |   5560 |   5406 |    154 |    267 |   4248 |   7 |  794.3 |
               +--------+--------+--------+--------+--------+-----+--------+

Top non-repeatable levels by time:
     D:5: 1285 daAuts
     D:4: 1088 daAuts
     D:3: 1002 daAuts
     D:1: 842 daAuts
     D:2: 649 daAuts
     D:6: 578 daAuts
     D:7: 114 daAuts
